 Dungeon Crawl Stone Soup version 0.31.0-2-g5a2aebc5c2 (webtiles) character file.

Game seed: 163390031642278855

991 Warped the Cleaver (level 8, -6/54 (58) HPs)
             Began as a Formicid Fighter on Jan 20, 2024.
             Was an Initiate of Makhleb.
             Killed by divine providence
             ... invoked by an orc priest
              (15 damage)
             ... on level 6 of the Dungeon.
             The game lasted 00:07:16 (4746 turns).

Warped the Cleaver (Formicid Fighter)               Turns: 4746, Time: 00:07:17

HP:   -6/54 (58)    AC: 15    Str: 22    XL:     8   Next: 41%
MP:   8/8           EV:  8    Int:  9    God:    Makhleb [......]
Gold: 1627          SH:  5    Dex: 13    Spells: 7/7 levels left

rFire   + . .        a - +0 war axe
rCold   . . .        c - +0 buckler
rNeg    . . .        v - +3 chain mail {rF+}
rPois   .            (helmet unavailable)
rElec   .            (no cloak)
rCorr   .            (no gloves)
SInv    +            j - +0 pair of boots
Will    .....        (no amulet) Stlth
                     (no ring)
HPRegen 0.29/turn    (no ring)
MPRegen 0.11/turn

%: no passive effects
@: mighty, weak-willed, attractive, drained
A: permanent stasis, dig shafts and tunnels, antennae 3, four strong arms, claws
1, iridescent scales 1, MP-powered wands
a: Dig, Shaft Self, Renounce Religion


You were on level 6 of the Dungeon.
You worshipped Makhleb.
Makhleb was noncommittal.
You visited 2 branches of the dungeon, and saw 7 of its levels.
You also visited: Sewer.

You collected 1627 gold pieces.

Inventory:

Hand Weapons
 a - a +0 war axe (weapon)
 i - a +0 orcbow
 p - a +0 scythe of flaming
 u - a +0 heavy hand axe
Missiles
 b - 5 darts of dispersal
 g - 5 poisoned darts
 k - a throwing net
 l - 50 stones
 z - 4 curare-tipped darts
Armour
 c - a +0 buckler (worn)
 j - a +0 pair of boots (worn)
 v - a +3 chain mail of fire resistance (worn)
Jewellery
 w - a +5 ring of evasion
 E - a ring of ice
Wands
 D - a wand of paralysis (9)
Scrolls
 f - 3 scrolls of identify
 r - 2 scrolls of vulnerability
 s - a scroll of teleportation
 x - 5 scrolls of noise
 y - a scroll of fog {unknown}
 A - 2 scrolls of enchant weapon {unknown}
 B - 2 scrolls of revelation
Potions
 e - 2 potions of invisibility
 h - 3 potions of berserk rage
 n - a potion of mutation
 o - 2 potions of attraction
 q - a potion of cancellation
 t - a potion of brilliance
 C - 2 potions of enlightenment


   Skills:
 - Level 3.2 Fighting
 + Level 9.5 Axes
 - Level 3.2 Armour
 - Level 4.0 Shields


You had 7 spell levels left.
You didn't know any spells.
Your spell library contained the following spells:

 Spells                   Type           Power      Damage    Failure   Level
 Apportation              Tloc           0%         N/A       97%         1
 Sandblast                Erth           0%         2d4       97%         1
 Jinxbite                 Hex            0%         N/A       99%         2
 Lesser Beckoning         Tloc           0%         N/A       99%         2
 Momentum Strike          Conj/Tloc      0%         3d8       99%         2
 Fugue of the Fallen      Necr           0%         N/A       100%        3
 Gell's Gravitas          Tloc           0%         N/A       100%        3
 Hailstorm                Conj/Ice       0%         3d5       100%        3
 Ozocubu's Armour         Ice            0%         N/A       100%        3
 Passwall                 Erth           0%         N/A       100%        3
 Stone Arrow              Conj/Erth      0%         3d7       100%        3
 Summon Ice Beast         Ice/Summ       0%         N/A       100%        3
 Teleport Other           Tloc           0%         N/A       100%        3
 Brom's Barrelling Bould  Conj/Erth      0%         2d3       100%        4
 Manifold Assault         Tloc           0%         N/A       100%        4
 Olgreb's Toxic Radiance  Alch           0%         N/A       100%        4
 Alistair's Intoxication  Alch           0%         N/A       100%        5
 Sculpt Simulacrum        Ice/Alch       0%         N/A       100%        6
 Ozocubu's Refrigeration  Ice            0%         4d7       100%        7
 Discord                  Hex            0%         N/A       100%        8
 Blink                    Tloc           Unusable   N/A       N/A         2

Dungeon Overview and Level Annotations

Branches:
Dungeon (6/15)             Temple (1/1) D:4           Sewer (visited)

Altars:
Ashenzari
Cheibriados
Dithmenos
Elyvilon
Fedhas
Gozag
Hepliaklqana
Kikubaaqudgha
Makhleb
Nemelex Xobeh
Okawaru
Qazlal
Ru
Sif Muna
Trog
Uskayaw
Vehumet
Wu Jian
Xom
Yredelemnul
Zin
The Shining One

Annotations:
D:3 3 runed translucent doors, BigPumpCobain's ghost, amateur OpSh


Innate Abilities, Weirdness & Mutations

You cannot be hasted, slowed, berserked, paralysed or teleported.
You can dig through walls and to a lower floor.
You have a pair of large antennae on your head. (SInv)
Your four strong arms can wield two-handed weapons with a shield.
You have sharp fingernails.
You are partially covered in iridescent scales. (AC +2)
You expend magic power (3 MP) to strengthen your wands.


Message History

Unknown command.
Unknown command.
You extend your mandibles.
You dig through the rock wall.
You feel drained. The iguana is attracted toward you.
You dig through the rock wall.
You feel drained. The iguana attacks as it pursues you!
The iguana bites you but does no damage.
You retract your mandibles.
You barely miss the iguana. The iguana misses you. The orc closely misses you.
You closely miss the iguana. The iguana barely misses you.
The orc hits you from afar with a +0 trident.
* * * LOW HITPOINT WARNING * * *
The iguana closely misses you.
You feel very mighty all of a sudden. You block the orc's attack.
The iguana bites you.
* * * LOW HITPOINT WARNING * * *
Okay, then.
The orc is attracted toward you. The orc priest is attracted toward you.
As you read the scroll labelled JIMILY EDUMM, it crumbles to dust.
You feel aware of your surroundings.
You sensed 1 shop/portal.
It was a scroll of revelation.
A howler monkey comes into view.
You block the orc's attack.
An orc comes into view. It is wielding a +0 trident.
Found 5 stones.
Unknown command.
The orc attacks as it pursues you! You block the orc's attack.
As you read the scroll labelled XASHEI TUVONK, it crumbles to dust.
A wave of despondency washes over your surroundings.
It was a scroll of vulnerability.
The iguana barely misses you. The orc hits you but does no damage.
As you read the scroll labelled GOSAUXYTZU, it crumbles to dust.
You feel a strange sense of stasis.
It was a scroll of teleportation.
The iguana completely misses you. You block the orc's attack.
Unknown command.
Unknown command.
The orc priest invokes the aid of Beogh against you.
Beogh smites you!
You die...

*,******** ,,,**,,,,*
*,***,,,.##############
,,,**,,,.##############
*,***,,,.##############
,,,*#...o...###########*******
*,***...h##....#######.,,*,,,**
,,,**,.o.#####...####..,,,,,,,**
*,***,,..:######@..#...,,,,,,,,*
,,,,*,,,..#####.##......,,,,,,,*
*,*,,,**#.#####l.##.....,,,,,,,*
,,,,,,* #.####o....##...,,,,,,***
*,*,,.**#).##o###...##(.,,,,,,,,,
,,,,,..###.ยง.o{...#.####*,**,,,,,
*,**#.....##........###**,**,,,,,
,,,*####....$..........,,,,,,,,,,
*{** ###.......#.....,,,**,,,,,


You could see an iguana (weak-willed), an orc priest (weak-willed) and 2 orcs.

Vanquished Creatures
  Sigmund (D:2)
  A centaur (D:5)
  A kobold brigand (D:3)
  A scorpion (D:5)
  A bombardier beetle (D:5)
  A hound (D:4)
  A jelly (D:5)
  4 orc priests
  Terence (D:3)
  An iguana (D:5)
  3 orc wizards
  Natasha (twice) (D:2)
  7 adders
  5 river rats (Sewer)
  4 ufetubi
  A dart slug (D:1)
  2 ribbon worms
  14 orcs
  10 ball pythons
  9 endoplasms
  4 giant cockroaches
  3 goblins
  4 hobgoblins
  7 jackals
  A quokka (Sewer)
  12 bats
  10 frilled lizards
  13 kobolds
  6 rats
130 creatures vanquished.

Notes
Turn   | Place    | Note
-------+----------+-------------------------------------------
     0 | D:1      | Warped the Formicid Fighter began the quest for the Orb.
     0 | D:1      | Reached XP level 1. HP: 18/18 MP: 1/1
    96 | D:1      | Reached XP level 2. HP: 18/24 MP: 2/2
   179 | D:1      | Reached skill level 3 in Axes
   268 | D:1      | Reached XP level 3. HP: 28/29 MP: 3/3
   854 | D:2      | Noticed Natasha
   860 | D:2      | Killed Natasha
   861 | D:2      | Reached skill level 4 in Axes
   861 | D:2      | Reached XP level 4. HP: 27/35 MP: 4/4
   919 | D:2      | Found a sacrificial altar of Ru.
  1041 | D:2      | Noticed Sigmund
  1055 | D:2      | Killed Sigmund
  1056 | D:2      | Reached skill level 6 in Axes
  1056 | D:2      | Reached XP level 5. HP: 41/41 MP: 5/5
  1056 | D:2      | Reached XP level 6. HP: 47/47 MP: 6/6
  1141 | D:2      | Identified the +3 ring mail of Guicefri {Harm rPois Dex+8
                  | Slay-5}
  1302 | D:2      | Noticed Natasha
  1314 | D:2      | Killed Natasha
  1612 | D:3      | Noticed Terence
  1617 | D:3      | Killed Terence
  1701 | D:3      | Found a snail-covered altar of Cheibriados.
  1807 | D:3      | Found a runed translucent gate.
  1807 | D:3      | Found a runed translucent gate.
  1807 | D:3      | Found a runed translucent gate.
  1807 | D:3      | Noticed BigPumpCobain's ghost (amateur OpSh)
  2160 | D:3      | Reached skill level 7 in Axes
  2160 | D:3      | Reached XP level 7. HP: 46/52 MP: 7/7
  2506 | D:4      | Found a glowing drain.
  2517 | Sewer    | Entered a sewer
  3236 | D:4      | Found a staircase to the Ecumenical Temple.
  3247 | Temple   | Entered the Ecumenical Temple
  3274 | Temple   | Became a worshipper of Makhleb the Destroyer
  3598 | D:5      | Entered Level 5 of the Dungeon
  3609 | D:5      | Reached skill level 8 in Axes
  3617 | D:5      | Identified a scroll of acquirement
  3617 | D:5      | Acquired 1318 gold pieces
  3802 | D:5      | Reached XP level 8. HP: 52/58 MP: 8/8
  4022 | D:5      | Reached skill level 9 in Axes
  4734 | D:6      | Gained mutation: You have sharp fingernails. [potion of
                  | mutation]
  4734 | D:6      | Gained mutation: You are partially covered in iridescent
                  | scales. (AC +2) [potion of mutation]
  4734 | D:6      | Gained mutation: You expend magic power (3 MP) to
                  | strengthen your wands. [potion of mutation]
  4746 | D:6      | Killed from afar by an orc priest

Illustrated notes

Levels and vault maps discovered:
D:1:      sevenhm_arrival_forest_fort_large_4, layout_rooms,
          minmay_misc_feat_five
D:2:      layout_loops_ring, basic_altar, nicolae_figureground_pulse,
          uniq_sigmund, uniq_natasha
D:3:      cheibrodos_thug_alley, layout_loops_ring, cheibriados_altar_2,
          gammafunk_ghost_split, uniq_terence
D:4:      layout_cave_pools, minmay_temple_entry_grid,
          cheibrodos_sewer_entry_sluice
D:5:      layout_loops_corners
D:6:      layout_rooms, serial_shops, shop_statue, grunt_ministairs_11,
          st_stairs_12
Temple:   nicolae_temple_bog_church

Skill      XL: |  1  2  3  4  5  6  7  8 |
---------------+-------------------------+-----
Axes           | 3 4 6 7 8 9 |  9.5
Fighting       | |  3.2
Armour         | |  3.2
Shields        | |  4.0

Action                     |  1- 3 |  4- 6 |  7- 9 || total
---------------------------+-------+-------+-------++-------
  Melee: War axe           |    98 |   110 |   186 ||   394
Ability: Dig               |       |       |     1 ||     1
    Use: Potion            |       |     1 |     3 ||     4
         Scroll            |       |       |     8 ||     8
 Armour: Scale mail        |    80 |    27 |       ||   107
         Chain mail        |       |    48 |   160 ||   208
  Dodge: Dodged            |    54 |    58 |   113 ||   225
  Block: Buckler           |    35 |    24 |    56 ||   115
